 Dungeon Crawl Stone Soup version 0.30-a0-341-g682706514a (webtiles) character file.

Game seed: 5968188787954631039

4410 Ijustatesigmund the Thaumaturge (level 10, -5/74 HPs)
             Began as a Demonspawn Necromancer on Nov 5, 2022.
             Slain by a manticore (8 damage)
             ... on level 7 of the Dungeon.
             The game lasted 00:27:01 (9389 turns).

Ijustatesigmund the Thaumaturge (DsNe)              Turns: 9389, Time: 00:27:02

Health: -5/74      AC: 18    Str:  8    XL:     10   Next: 14%
Magic:  2/22       EV: 12    Int: 27    God:
Gold:   270        SH:  0    Dex: 14    Spells: 18/25 levels left

rFire   . . .      SeeInvis .    c - +2 flail (protect)
rCold   . . .      Faith    .    (no shield)
rNeg    . . .      Spirit   .    a - +0 steam dragon scales
rPois   .          Reflect  .    i - +0 helmet
rElec   .          Harm     .    B - +1 cloak
rCorr   .          Rampage  .    d - +0 pair of gloves
Will    +....                    p - +0 pair of boots
Stlth   ++........               (no amulet)
HPRegen 0.32/turn                j - +6 ring of intelligence
MPRegen 0.18/turn                q - ring of willpower

@: mighty, under a protective aura
A: rugged brown scales 1, powered by death 1, powered by pain 1, weakness
stinger 1
a: no special abilities


You were on level 7 of the Dungeon.
You visited 2 branches of the dungeon, and saw 8 of its levels.

You collected 270 gold pieces.

Inventory:

Hand Weapons
 c - a +2 flail of protection (weapon)
Missiles
 o - a throwing net
 u - 2 curare-tipped darts
Armour
 a - +0 steam dragon scales (worn)
 d - a +0 pair of gloves (worn)
 i - a +0 helmet (worn)
 p - a +0 pair of boots (worn)
 B - a +1 cloak (worn)
Jewellery
 j - a +6 ring of intelligence (left hand)
 q - a ring of willpower (right hand)
Wands
 z - a wand of charming (7)
Scrolls
 n - a scroll of butterflies
 t - a scroll of teleportation
 v - a scroll of poison
 w - a scroll of immolation
 y - a scroll of amnesia
 A - a scroll of blinking
 D - a scroll of identify
Potions
 b - 2 potions of magic
 e - a potion of flight
 f - 2 potions of attraction
 g - 2 potions of lignification
 h - a potion of might
 k - 2 potions of ambrosia
 l - 3 potions of curing
 m - a potion of resistance
 r - 3 potions of brilliance
 s - a potion of berserk rage
 x - a potion of haste {unknown}
 C - a potion of degeneration {unknown}


   Skills:
 + Level 4.3 Fighting
 + Level 1.1 Armour
 + Level 2.2 Dodging
 - Level 1.7 Stealth
 + Level 8.0 Spellcasting
 - Level 5.0 Conjurations
 - Level 7.7 Necromancy
 + Level 4.0 Earth Magic
 - Level 6.1 Evocations


You had 18 spell levels left.
You knew the following spells:

 Your Spells              Type           Power      Damage    Failure   Level
a - Necrotise             Necr           100%       1d9       1%          1
b - Magic Dart            Conj           100%       1d8       1%          1
c - Searing Ray           Conj           76%        2d7       1%          2
d - Stone Arrow           Conj/Erth      70%        3d11      2%          3

Your spell library contained the following spells:

 Spells                   Type           Power      Damage    Failure   Level
 Sandblast                Erth           64%        2d14      1%          1
 Vampiric Draining        Necr           52%        2d9       1%          3
 Momentum Strike          Conj/Tloc      48%        3d9       2%          2
 Animate Dead             Necr           52%        N/A       2%          4
 Passwall                 Tmut/Erth      17%        N/A       3%          2
 Agony                    Necr           52%        N/A       6%          5
 Blink                    Tloc           20%        N/A       8%          2
 Lesser Beckoning         Tloc           20%        N/A       16%         3
 Fulminant Prism          Conj/Hex       12%        3d8       19%         4
 Lightning Bolt           Conj/Air       12%        1d25      45%         5
 Starburst                Conj/Fire      12%        6d5       96%         6


Dungeon Overview and Level Annotations

Branches:
Dungeon (7/15)             Temple (1/1) D:4

Altars:
Ashenzari
Cheibriados
Dithmenos
Fedhas
Gozag
Hepliaklqana
Kikubaaqudgha
Makhleb
Nemelex Xobeh
Okawaru
Qazlal
Ru
Sif Muna
Trog
Uskayaw
Vehumet
Wu Jian
Xom

Shops:
D:1 *

Annotations:
D:2 Sigmund
D:5 Pikel


Innate Abilities, Weirdness & Mutations

You are partially covered in rugged brown scales. (AC +1, +3% HP)
You regenerate a little health from kills.
You sometimes gain a little power by taking damage.
You have a small tail.


Message History

You can't see that place.
Okay, then.
You swap places.
Things that are here:
a +0 giant club; a +0 great mace Really attack your manticore?
You hit your manticore.
Your weapon exudes an aura of protection.
The manticore is no longer charmed.
You tail-slap the manticore.
The manticore is heavily wounded.
The manticore bites you. The manticore claws you.
The manticore barely misses you.
Casting: Stone Arrow (mildly dangerous; 2% risk of failure)
Confirm with . or Enter, or press ? or * to list all spells.
Aiming: Stone Arrow (mildly dangerous; 2% risk of failure)
Press: ? - help, Shift-Dir - straight line, f/p - manticore
Aim: a manticore (heavily wounded, 84% to hit)
The stone arrow misses the manticore.
The manticore bites you but does no damage.
The manticore claws you. x2
Casting: Stone Arrow (mildly dangerous; 2% risk of failure)
Confirm with . or Enter, or press ? or * to list all spells.
You don't have enough magic to cast this spell.
You hit the manticore.
The manticore is severely wounded.
The manticore bites you!
The manticore claws you but does no damage. x2
You hit the manticore.
The manticore is severely wounded.
The manticore bites you!
* * * LOW HITPOINT WARNING * * *
You focus on the pain.
You feel very mighty all of a sudden.
The manticore claws you but does no damage.
The manticore claws you!
* * * LOW HITPOINT WARNING * * *
The manticore bites you!
* * * LOW HITPOINT WARNING * * *
The manticore claws you!
You die...

#.# #.# #.# #.# #.#
## # #.# .##.# #.#
... #.########)#
########.......H@.#
.........#######..#
########## ####


You could see a manticore.

Vanquished Creatures
  2 two-headed ogres (D:7)
  Maggie (D:6)
  Prince Ribbit (D:5)
  A yak (D:6)
  Edmund (D:5)
  A water moccasin (D:7)
  Duvessa (D:5)
  2 ice beasts
  2 sky beasts (D:6)
  2 black bears
  2 ogres
  A centaur (D:7)
  A lemure (D:5)
  2 phantoms (D:6)
  A kobold brigand (D:7)
  A bullfrog (D:7)
  A gnoll sergeant (D:5)
  2 scorpions
  A necrophage (D:6)
  5 wights (D:7)
  Dowan (D:5)
  A howler monkey (D:7)
  5 hounds
  2 jellies
  An orc priest (D:5)
  Crazy Yiuf (D:3)
  Ijyb (D:3)
  Jessica (D:3)
  3 orc wizards (D:5)
  An iguana (D:4)
  9 gnolls
  5 adders
  A shadow imp (D:5)
  2 white imps
  2 ufetubi (D:5)
  18 orcs
  5 endoplasms
  2 giant cockroaches
  13 goblins
  13 hobgoblins
  3 quokkas
  5 ball pythons
  4 bats
  3 frilled lizards
  14 kobolds
  4 rats
151 creatures vanquished.

Vanquished Creatures (collateral kills)
  An adder (D:5)
  A worm (D:2)
  A dart slug (D:2)
  An orc (D:5)
  An endoplasm (D:4)
  A goblin (D:4)
  A hobgoblin (D:4)
  A kobold (D:4)
8 creatures vanquished.

Vanquished Creatures (others)
  A plant (D:4)
1 creature vanquished.

Grand Total: 160 creatures vanquished

Notes
Turn   | Place    | Note
-------+----------+-------------------------------------------
     0 | D:1      | Ijustatesigmund the Demonspawn Necromancer began the quest
                  | for the Orb.
     0 | D:1      | Reached XP level 1. HP: 13/13 MP: 3/3
   235 | D:1      | Gained mutation: You have a small tail. [demonic ancestry]
   235 | D:1      | Reached XP level 2. HP: 18/20 MP: 0/5
   348 | D:1      | Reached skill level 1 in Fighting
   595 | D:1      | You fall into a shaft and drop 1 floor!
   778 | D:1      | Found Luvef's General Store.
  1128 | D:2      | Learned a level 1 spell: Magic Dart
  1235 | D:2      | Noticed Sigmund
  1355 | D:3      | Found a runed translucent door.
  1356 | D:3      | Noticed Crazy Yiuf
  1376 | D:3      | Killed Crazy Yiuf
  1377 | D:3      | Gained mutation: You regenerate a little health from kills.
                  | [demonic ancestry]
  1377 | D:3      | Reached XP level 3. HP: 18/27 MP: 1/7
  1516 | D:3      | Reached skill level 1 in Conjurations
  1567 | D:3      | Reached XP level 4. HP: 33/33 MP: 6/8
  1821 | D:3      | Noticed Jessica
  1830 | D:3      | Killed Jessica
  1831 | D:3      | Reached skill level 3 in Spellcasting
  1948 | D:3      | Noticed Ijyb
  1956 | D:3      | Killed Ijyb
  2223 | D:2      | Gained mutation: You are partially covered in rugged brown
                  | scales. (AC +1, +3% HP) [demonic ancestry]
  2223 | D:2      | Reached XP level 5. HP: 33/39 MP: 5/9
  2577 | D:2      | Found a faded altar of an unknown god.
  3037 | D:4      | Found a staircase to the Ecumenical Temple.
  3041 | Temple   | Entered the Ecumenical Temple
  3248 | D:4      | Noticed a black bear
  3257 | D:4      | Killed a black bear
  3258 | D:4      | Reached skill level 4 in Spellcasting
  3258 | D:4      | Reached XP level 6. HP: 33/45 MP: 2/12
  4438 | D:5      | Entered Level 5 of the Dungeon
  4447 | D:5      | Reached skill level 5 in Necromancy
  4447 | D:5      | Reached skill level 1 in Evocations
  4563 | D:5      | Gained mutation: You sometimes gain a little power by
                  | taking damage. [demonic ancestry]
  4563 | D:5      | Reached XP level 7. HP: 24/51 MP: 7/13
  4691 | D:5      | Noticed Dowan
  4709 | D:5      | Noticed Duvessa
  4720 | D:5      | Killed Duvessa
  4730 | D:5      | Killed Dowan
  4786 | D:5      | Noticed Prince Ribbit
  4800 | D:5      | Noticed Pikel
  5046 | D:5      | Noticed Edmund
  5067 | D:5      | Killed Edmund
  5068 | D:5      | Reached skill level 5 in Spellcasting
  5075 | D:5      | Killed Prince Ribbit
  5169 | D:5      | Reached XP level 8. HP: 57/57 MP: 9/16
  5697 | D:5      | Found a burning altar of Makhleb.
  5911 | D:4      | Learned a level 2 spell: Searing Ray
  6278 | D:6      | Reached skill level 6 in Spellcasting
  6407 | D:6      | Found an opulent altar of Gozag.
  6604 | D:6      | Found a snail-covered altar of Cheibriados.
  6609 | D:6      | Found a hazy altar of Hepliaklqana.
  7207 | D:6      | Noticed Maggie
  7224 | D:6      | Killed Maggie
  7225 | D:6      | Reached XP level 9. HP: 21/66 MP: 3/18
  7238 | D:6      | Reached skill level 5 in Conjurations
  7248 | D:6      | HP: 3/66 [ogre/+0 giant spiked club (31)]
  7460 | D:6      | Learned a level 3 spell: Stone Arrow
  7495 | D:6      | Got the Volume of Incandescent Combat Magic
  7717 | D:6      | Reached skill level 1 in Earth Magic
  8020 | D:7      | Identified the +1 scale mail of Freedom {Slay+4}
  8038 | D:7      | Reached skill level 7 in Spellcasting
  8299 | D:7      | Reached skill level 5 in Evocations
  9356 | D:7      | Noticed a two-headed ogre
  9362 | D:7      | Killed a two-headed ogre
  9367 | D:7      | Noticed a two-headed ogre
  9370 | D:7      | Killed a two-headed ogre
  9371 | D:7      | Reached skill level 1 in Armour
  9371 | D:7      | Reached skill level 8 in Spellcasting
  9371 | D:7      | Reached XP level 10. HP: 61/74 MP: 7/22
  9371 | D:7      | Noticed a manticore
  9389 | D:7      | HP: 3/74 [manticore (8)]
  9389 | D:7      | Slain by a manticore

Illustrated notes

Levels and vault maps discovered:
D:1:      spicycebolla_arrival_xxxplode, layout_basic, serial_shops,
          nicolae_shop_advertising_works [nicolae_subvault_shop_adworks],
          chequers_serial_rivers_room_b
D:2:      cheibrodos_pilgrimage, layout_rooms, basic_altar,
          shapermc_ecumenical_altar_acropolis, kennysheep_generic_room_7,
          uniq_sigmund
D:3:      layout_basic, uniq_crazy_yiuf_cottage, uniq_jessica, uniq_ijyb
D:4:      corexii_shantytown, layout_loops_ring,
          minmay_temple_entry_glassed_door
D:5:      layout_rooms, lightli_temple_of_fire, uniq_duvessa,
          uniq_prince_ribbit1, uniq_pikel, uniq_edmund
D:6:      minmay_chambers_of_fours, layout_loops_ring,
          mainiacjoe_overflow_paths, grunt_temple_overflow_diamond, uniq_maggie
D:7:      minmay_cornered_nines, layout_basic
Temple:   nicolae_temple_elliptical

Skill      XL: |  1  2  3  4  5  6  7  8  9 |
---------------+----------------------------+-----
Fighting       | 1 2 3 4 |  4.3
Conjurations   | 1 2 3 4 5 |  5.0
Spellcasting   | 3 4 5 6 8 |  8.0
Necromancy     | 5 6 7 |  7.7
Evocations     | 1 3 4 6 |  6.1
Earth Magic    | 4 |  4.0
Armour         | 1 |  1.1
Dodging        | 2 |  2.2
Stealth        | |  1.7

Action                   |  1- 3 |  4- 6 |  7- 9 | 10-12 || total
-------------------------+-------+-------+-------+-------++-------
Melee: Spear             |    16 |    35 |       |       ||    51
       Tailslap          |     1 |     2 |    17 |     1 ||    21
       Morningstar       |       |       |    22 |       ||    22
       Punch             |       |       |     3 |       ||     3
       Flail             |       |       |    98 |     3 ||   101
 Cast: Necrotise         |    45 |    94 |   140 |       ||   279
       Magic Dart        |     3 |    48 |    40 |       ||    91
       Stone Arrow       |       |       |    35 |     3 ||    38
Evoke: Wand              |       |       |     6 |     1 ||     7
  Use: Scroll            |       |    12 |     7 |       ||    19
       Potion            |       |       |     1 |       ||     1
 Stab: Sleeping          |       |     3 |       |       ||     3
       Distracted        |       |       |     1 |       ||     1
Armor: Robe              |       |    22 |    82 |       ||   104
       Steam dragon scal |       |       |    17 |     4 ||    21
Dodge: Dodged            |     9 |    39 |   177 |     1 ||   226

Table legend: (Time is in decaauts)
 A = Elapsed time spent in this place.
 B = Non-inter-level travel time spent in this place.
 C = Inter-level travel time spent in this place.
 D = Time resting spent in this place.
 E = Time spent auto-exploring this place.
 F = Levels seen in this place.
 G = Mean time per level.
                   A        B        C        D        E       F      G
               +--------+--------+--------+--------+--------+-----+--------+
         Total |   9443 |   9264 |    179 |   2245 |   5638 |   8 | 1180.4 |
       Dungeon |   9286 |   9127 |    159 |   2245 |   5516 |   7 | 1326.6 |
        Temple |    156 |    137 |     19 |      0 |    122 |   1 |  156.0 |
               +--------+--------+--------+--------+--------+-----+--------+

Top non-repeatable levels by time:
     D:4: 1954 daAuts
     D:6: 1658 daAuts
     D:7: 1465 daAuts
     D:5: 1419 daAuts
     D:1: 1020 daAuts
     D:3: 952 daAuts
     D:2: 815 daAuts
  Temple: 156 daAuts
